 Dungeon Crawl Stone Soup version 0.30-a0-652-gcc886f7154 (webtiles) character file.

Game seed: 2186110930173272898

78 warriortoast the Trooper (level 4, -2/37 HPs)
             Began as a Barachi Warper on Jan 17, 2023.
             Slain by a gnoll
             ... wielding a +0 spear
              (5 damage)
             ... on level 3 of the Dungeon.
             The game lasted 00:04:34 (2272 turns).

warriortoast the Trooper (Barachi Warper)           Turns: 2272, Time: 00:04:34

Health: -2/37      AC:  4    Str: 14    XL:     4   Next: 36%
Magic:  7/7        EV: 11    Int: 13    God:
Gold:   90         SH:  0    Dex: 12    Spells: 7/7 levels left

rFire   . . .      SeeInvis .    a - +0 mace
rCold   . . .      Faith    .    (no shield)
rNeg    . . .      Spirit   .    b - +0 leather armour
rPois   .          Reflect  .    (no helmet)
rElec   .          Harm     .    (no cloak)
rCorr   .          Rampage  .    q - +0 pair of gloves
Will    .....                    (no boots)
Stlth   +                        (no amulet)
HPRegen 0.26/turn                (no ring)
MPRegen 0.10/turn                (no ring)

@: slow
A: amphibious, slowness 1, strong legs 1, +LOS
a: Hop


You were on level 3 of the Dungeon.
You visited 1 branch of the dungeon, and saw 3 of its levels.

You collected 90 gold pieces.

Inventory:

Hand Weapons
 a - a +0 mace (weapon)
Missiles
 d - 5 boomerangs of dispersal (quivered)
Armour
 b - a +0 leather armour (worn)
 n - a +0 chain mail
 q - a +0 pair of gloves (worn)
Scrolls
 c - a scroll of blinking
 g - a scroll of silence {unknown}
 i - a scroll of vulnerability {unknown}
 j - a scroll of identify {unknown}
 l - a scroll of butterflies {unknown}
 o - a scroll of immolation {unknown}
 p - a scroll of teleportation {unknown}
Potions
 e - a potion of might {unknown}
 f - a potion of flight {unknown}
 h - 3 potions of heal wounds {unknown}
 k - a potion of invisibility {unknown}
 m - a potion of curing {unknown}


   Skills:
 + Level 4.1 Fighting
 + Level 3.8 Maces & Flails
 - Level 1.0 Throwing
 - Level 1.2 Armour
 - Level 2.1 Dodging
 - Level 2.1 Spellcasting
 - Level 3.2 Translocations


You had 7 spell levels left.
You didn't know any spells.
Your spell library contained the following spells:

 Spells                   Type           Power      Damage    Failure   Level
 Blink                    Tloc           18%        N/A       12%         2
 Lesser Beckoning         Tloc           18%        N/A       12%         2
 Teleport Other           Tloc           9%         N/A       24%         3
 Vhi's Electric Charge    Tloc/Air       10%        N/A       43%         3
 Manifold Assault         Tloc           9%         N/A       61%         4


Dungeon Overview and Level Annotations

Branches:
Dungeon (3/15)

Altars:
Vehumet
Xom


Innate Abilities, Weirdness & Mutations

You are amphibious.
You cover ground slowly.
You can hop short distances.
You have an extended range of vision and can be seen from far away.


Message History

The gnoll shouts!
A rat comes into view.
The gnoll closely misses you.
The gnoll hits you from afar with a +0 spear.
You hit the gnoll.
The gnoll is lightly wounded.
The gnoll hits you with a +0 spear. The gnoll closely misses you.
You closely miss the gnoll.
The gnoll is lightly wounded.
The gnoll hits you with a +0 spear.
The gnoll hits you from afar with a +0 spear!
You are too injured to fight recklessly!
You are too injured to fight recklessly!
You are too injured to fight recklessly!
You are too injured to fight recklessly!
You are too injured to fight recklessly!
You are too injured to fight recklessly!
You are too injured to fight recklessly!
You are too injured to fight recklessly!
You are too injured to fight recklessly!
You are too injured to fight recklessly!
You are too injured to fight recklessly!
You are too injured to fight recklessly!
You are too injured to fight recklessly!
You are too injured to fight recklessly!
Unknown command.
The gnoll hits you with a +0 spear. The gnoll hits you but does no damage.
The gnoll hits you from afar with a +0 spear.
* * * LOW HITPOINT WARNING * * *
The gnoll hits you from afar with a +0 spear.
* * * LOW HITPOINT WARNING * * *
Things that are here:
a +0 whip; 3 stones; a kobold corpse The gnoll barely misses you.
The gnoll misses you.
The gnoll hits you from afar with a +0 spear.
* * * LOW HITPOINT WARNING * * *
There is a stone staircase leading up here.
The gnoll hits you from afar with a +0 spear.
You die...

. ........ ... ##.
#..#......g_ #..
##..##..#.... #..
#####...##.......
#.###.......###.##...
#..#.................
#.....g†....##..#..#.
#....)g.....##.##.#..
##..@rg.....##.. . #
##..........#.... ..
#...........#..### #.
#..............# #
#..............##
..............###
(...............#
................#
................>#


You could see 3 gnolls and a rat.

Vanquished Creatures
  2 gnolls
  2 adders (D:2)
  2 ball pythons
  3 bats
  An endoplasm (D:3)
  A giant cockroach (D:3)
  7 goblins
  4 hobgoblins
  3 jackals (D:1)
  6 kobolds
  2 quokkas (D:2)
  A frilled lizard (D:1)
  3 rats (D:1)
37 creatures vanquished.

Notes
Turn   | Place    | Note
-------+----------+-------------------------------------------
     0 | D:1      | warriortoast the Barachi Warper began the quest for the
                  | Orb.
     0 | D:1      | Reached XP level 1. HP: 17/17 MP: 3/3
   140 | D:1      | Reached XP level 2. HP: 19/23 MP: 5/5
   142 | D:1      | Reached skill level 3 in Fighting
   532 | D:1      | Reached XP level 3. HP: 17/29 MP: 6/6
  1319 | D:2      | Found a radiant altar of Vehumet.
  1771 | D:2      | Reached XP level 4. HP: 37/37 MP: 7/7
  1901 | D:2      | Reached skill level 4 in Fighting
  2206 | D:3      | Found a shimmering altar of Xom.
  2209 | D:3      | Found a radiant altar of Vehumet.
  2272 | D:3      | Slain by a gnoll

Illustrated notes

Levels and vault maps discovered:
D:1:      nagdon_arrival_zigzag_paths, layout_basic
D:2:      layout_loops_ring, basic_altar
D:3:      layout_rooms, chequers_temple_overflow_statue_of_worship,
          shapermc_ecumenical_altar_mp_urbaneastern

Skill      XL: |  1  2  3  4 |
---------------+-------------+-----
Fighting       | 3 4 |  4.1
Maces & Flails | 3 |  3.8
Throwing       | |  1.0
Armour         | |  1.2
Dodging        | |  2.1
Spellcasting   | |  2.1
Translocations | |  3.2

Action                   |  1- 3 |  4- 6 || total
-------------------------+-------+-------++-------
Melee: Mace              |   112 |    22 ||   134
       Punch             |     1 |       ||     1
       Falchion          |       |     7 ||     7
Throw: Boomerang         |     1 |     1 ||     2
Armor: Leather armour    |    46 |    14 ||    60
Dodge: Dodged            |   109 |    20 ||   129

Table legend: (Time is in decaauts)
 A = Elapsed time spent in this place.
 B = Non-inter-level travel time spent in this place.
 C = Inter-level travel time spent in this place.
 D = Time resting spent in this place.
 E = Time spent auto-exploring this place.
 F = Levels seen in this place.
 G = Mean time per level.
                   A        B        C        D        E       F      G
               +--------+--------+--------+--------+--------+-----+--------+
         Total |   2571 |   2461 |    110 |    584 |   1485 |   3 |  857.0 |
       Dungeon |   2571 |   2461 |    110 |    584 |   1485 |   3 |  857.0 |
               +--------+--------+--------+--------+--------+-----+--------+

Top non-repeatable levels by time:
     D:1: 1362 daAuts
     D:2: 1110 daAuts
     D:3: 99 daAuts
